3AA
ATLANTIC CITY SONICS @ BATTLE GROUND AEROS
07/11/2024
 
TOP OF THE 1ST
Atlantic City Sonics batting - Pitching for Battle Ground Aeros : LHP Myles Wilkerson
Pitching: LHP Myles Wilkerson
Batting: RHB Arturo Maldonado 0-0: Called Strike
0-1: Called Strike
0-2: Ball
1-2: Fly out, F9 (Flyball, 9M)
Batting: RHB Luis Garza 0-0: Ball
1-0: Ground out 5-3 (Groundball, 56S)
Batting: RHB Pedro Rivera 0-0: Called Strike
0-1: Fly out, F7 (Flyball, 7M)
Top of the 1st over - 0 run(s), 0 hit(s), 0 error(s), 0 left on base; Atlantic City 0 - Battle Ground 0
BOTTOM OF THE 1ST
Battle Ground Aeros batting - Pitching for Atlantic City Sonics : LHP Chris Burgess
Pitching: LHP Chris Burgess
Batting: RHB Enrico Betancourt 0-0: Ball
1-0: Swinging Strike
1-1: Ball
2-1: DOUBLE (Line Drive, 78D)
Batting: RHB Bennett Whitaker 0-0: Foul Ball, location: 2F
0-1: Ball
1-1: Swinging Strike
1-2: Ball
2-2: Strikes out swinging
Batting: SHB Juan Torres 0-0: Ball
1-0: Swinging Strike
1-1: Ball
2-1: Ground out 5-3 (Groundball, 5S)
Enrico Betancourt to third
Batting: RHB José Rodríguez 0-0: Fly out, F7 (Flyball, 78M)
Bottom of the 1st over - 0 run(s), 1 hit(s), 0 error(s), 1 left on base; Atlantic City 0 - Battle Ground 0
TOP OF THE 2ND
Atlantic City Sonics batting - Pitching for Battle Ground Aeros : LHP Myles Wilkerson
Batting: RHB John Schnatter 0-0: Called Strike
0-1: Ball
1-1: Foul Ball, location: 2F
1-2: Ball
2-2: Ball
3-2: Base on Balls
Batting: LHB Dale Parkinson 0-0: Foul Ball, location: 2F
0-1: SINGLE (Line Drive, 6MD)
John Schnatter to second
Batting: LHB Salvador Avilés 0-0: Ball
1-0: Fly out, F9 (Flyball, 89M)
Batting: RHB Brady Bess Balk!
John Schnatter to third
Dale Parkinson to second
0-0: Ball
1-0: Ball
2-0: Foul Ball, location: 2F
2-1: Foul Ball, location: 2F
2-2: Ball
3-2: Strikes out looking
Batting: SHB David Snyder 0-0: Ball
1-0: Called Strike
1-1: Ball
2-1: Swinging Strike
2-2: Ground out 4-3 (Groundball, 4)
Top of the 2nd over - 0 run(s), 1 hit(s), 0 error(s), 2 left on base; Atlantic City 0 - Battle Ground 0
BOTTOM OF THE 2ND
Battle Ground Aeros batting - Pitching for Atlantic City Sonics : LHP Chris Burgess
Batting: RHB Jeffrey Jones 0-0: Ball
1-0: Called Strike
1-1: TRIPLE (Groundball, 3L)
Batting: LHB Dave Smerdon 0-0: Ball
1-0: Foul Ball, location: 2F
1-1: Fly out, F6 (Popup, 6D)
Batting: RHB Broderick Terry 0-0: Swinging Strike
0-1: Ball
1-1: Foul Ball, location: 2F
1-2: Strikes out swinging
Batting: LHB En-lai Gao 0-0: Ball
1-0: Ball
2-0: SINGLE (Groundball, 5L)
Jeffrey Jones scores
Batting: LHB Nelson Martínez 0-0: Called Strike
0-1: Fly out, F8 (Flyball, 8RM)
Bottom of the 2nd over - 1 run(s), 2 hit(s), 0 error(s), 1 left on base; Atlantic City 0 - Battle Ground 1
TOP OF THE 3RD
Atlantic City Sonics batting - Pitching for Battle Ground Aeros : LHP Myles Wilkerson
Batting: LHB Kip Burks 0-0: Called Strike
0-1: Ball
1-1: Fly out, F8 (Flyball, 8RS)
Batting: RHB Arturo Maldonado 0-0: Foul Ball, location: 2F
0-1: Reached on error, E5 (Groundball, 5)
Batting: RHB Luis Garza 0-0: Ball
Arturo Maldonado is caught stealing 2nd base
1-0: Fly out, F8 (Flyball, 8RM)
Top of the 3rd over - 0 run(s), 0 hit(s), 1 error(s), 0 left on base; Atlantic City 0 - Battle Ground 1
BOTTOM OF THE 3RD
Battle Ground Aeros batting - Pitching for Atlantic City Sonics : LHP Chris Burgess
Batting: RHB Enrico Betancourt 0-0: Called Strike
0-1: Foul Ball, location: 2F
0-2: Strikes out looking
Batting: RHB Bennett Whitaker 0-0: Ball
1-0: Called Strike
1-1: Foul Ball, location: 2F
1-2: Strikes out swinging
Batting: SHB Juan Torres 0-0: Ball
1-0: Ball
2-0: Called Strike
2-1: SINGLE (Line Drive, 89S)
Batting: RHB José Rodríguez 0-0: Ball
1-0: Ball
2-0: Fielders Choice at 2nd, 6-4 (Groundball, 6)
Bottom of the 3rd over - 0 run(s), 1 hit(s), 0 error(s), 0 left on base; Atlantic City 0 - Battle Ground 1
TOP OF THE 4TH
Atlantic City Sonics batting - Pitching for Battle Ground Aeros : LHP Myles Wilkerson
Batting: RHB Pedro Rivera 0-0: Ball
1-0: Ball
2-0: Ball
3-0: Called Strike
3-1: Base on Balls
Batting: RHB John Schnatter 0-0: Swinging Strike
0-1: Ball
1-1: Swinging Strike
1-2: Foul Ball, location: 2F
1-2: Foul Ball, location: 2F
1-2: Strikes out swinging
Batting: LHB Dale Parkinson 0-0: Called Strike
0-1: Swinging Strike
0-2: Strikes out looking
Batting: LHB Salvador Avilés 0-0: Ball
1-0: Called Strike
1-1: Ball
2-1: Called Strike
2-2: Ball
3-2: Foul Ball, location: 2F
3-2: Strikes out looking
Top of the 4th over - 0 run(s), 0 hit(s), 0 error(s), 1 left on base; Atlantic City 0 - Battle Ground 1
BOTTOM OF THE 4TH
Battle Ground Aeros batting - Pitching for Atlantic City Sonics : LHP Chris Burgess
Batting: RHB Jeffrey Jones 0-0: Ball
1-0: Ball
2-0: Called Strike
2-1: Swinging Strike
2-2: Strikes out looking
Batting: LHB Dave Smerdon 0-0: Swinging Strike
0-1: Fly out, F8 (Flyball, 8LM)
Batting: RHB Broderick Terry 0-0: Called Strike
0-1: Ball
1-1: Ball
2-1: Ball
3-1: Base on Balls
Batting: LHB En-lai Gao 0-0: Swinging Strike
0-1: Ball
1-1: Ground out 4-3 (Groundball, 4)
Bottom of the 4th over - 0 run(s), 0 hit(s), 0 error(s), 1 left on base; Atlantic City 0 - Battle Ground 1
TOP OF THE 5TH
Atlantic City Sonics batting - Pitching for Battle Ground Aeros : LHP Myles Wilkerson
Batting: RHB Brady Bess 0-0: Foul Ball, location: 2F
0-1: Ball
1-1: Ball
2-1: Called Strike
2-2: Fly out, F9 (Flyball, 9LM)
Batting: SHB David Snyder 0-0: Ball
1-0: Foul Ball, location: 2F
1-1: Foul Ball, location: 2F
1-2: Foul Ball, location: 2F
1-2: Strikes out swinging
Batting: LHB Kip Burks 0-0: SINGLE (Groundball, 34)
Batting: RHB Arturo Maldonado 0-0: Ground out 5-3 (Groundball, 56)
Top of the 5th over - 0 run(s), 1 hit(s), 0 error(s), 1 left on base; Atlantic City 0 - Battle Ground 1
BOTTOM OF THE 5TH
Battle Ground Aeros batting - Pitching for Atlantic City Sonics : LHP Chris Burgess
Batting: LHB Nelson Martínez 0-0: Fly out, F5 (Popup, 5SF)
Batting: RHB Enrico Betancourt 0-0: Ball
1-0: Called Strike
1-1: Ball
2-1: Foul Ball, location: 2F
2-2: Foul Ball, location: 2F
2-2: Ball
3-2: SINGLE (Line Drive, 6MD)
Batting: RHB Bennett Whitaker 0-0: Ball
1-0: Ball
2-0: Ball
3-0: Called Strike
3-1: Fly out, F3 (Popup, 4S)
Batting: SHB Juan Torres 0-0: Ball
1-0: Fly out, F9 (Flyball, 89M)
Bottom of the 5th over - 0 run(s), 1 hit(s), 0 error(s), 1 left on base; Atlantic City 0 - Battle Ground 1
TOP OF THE 6TH
Atlantic City Sonics batting - Pitching for Battle Ground Aeros : LHP Myles Wilkerson
Batting: RHB Luis Garza 0-0: Called Strike
0-1: Ball
1-1: SINGLE (Groundball, 34)
Batting: RHB Pedro Rivera 0-0: Ball
1-0: Grounds into double play, 6-4-3 (Groundball, 6)
Batting: RHB John Schnatter 0-0: Called Strike
0-1: Foul Ball, location: 2F
0-2: Ball
1-2: Foul Ball, location: 2F
1-2: Ball
2-2: Strikes out swinging
Top of the 6th over - 0 run(s), 1 hit(s), 0 error(s), 0 left on base; Atlantic City 0 - Battle Ground 1
BOTTOM OF THE 6TH
Battle Ground Aeros batting - Pitching for Atlantic City Sonics : LHP Chris Burgess
Batting: RHB José Rodríguez 0-0: Called Strike
0-1: Ball
1-1: Foul Ball, location: 2F
1-2: Ball
2-2: Ground out 6-3 (Groundball, 6)
Batting: RHB Jeffrey Jones 0-0: Called Strike
0-1: Called Strike
0-2: Strikes out swinging
Batting: LHB Dave Smerdon 0-0: Called Strike
0-1: Called Strike
0-2: Ball
1-2: Strikes out swinging
Bottom of the 6th over - 0 run(s), 0 hit(s), 0 error(s), 0 left on base; Atlantic City 0 - Battle Ground 1
TOP OF THE 7TH
Atlantic City Sonics batting - Pitching for Battle Ground Aeros : LHP Myles Wilkerson
Batting: LHB Dale Parkinson 0-0: Ball
1-0: Ball
2-0: Ball
3-0: Base on Balls
Batting: LHB Salvador Avilés 0-0: Sac Bunt - play at first, batter OUT! 1-4
Dale Parkinson to second
Batting: RHB Brady Bess 0-0: Ball
1-0: Foul Ball, location: 2F
1-1: SINGLE (Groundball, 56D)
Dale Parkinson to third
Throwing error, E7
Dale Parkinson scores
Brady Bess to second
Pinch Hitting: RHB Arturo Rochel 0-0: Intentional Walk
Pinch Hitting: RHB John Terry 0-0: Called Strike
0-1: Foul Ball, location: 2F
0-2: Ball
1-2: Fly out, F5 (Popup, 15S)
Batting: RHB Arturo Maldonado 0-0: Called Strike
0-1: Swinging Strike
0-2: Strikes out looking
Top of the 7th over - 1 run(s), 1 hit(s), 1 error(s), 2 left on base; Atlantic City 1 - Battle Ground 1
BOTTOM OF THE 7TH
Battle Ground Aeros batting - Pitching for Atlantic City Sonics : LHP Chris Burgess
Now in CF: Marty Hayden
Now in RF: Jim Unknown
Batting: RHB Broderick Terry 0-0: Ball
1-0: Foul Ball, location: 2F
1-1: Foul Ball, location: 2F
1-2: Ground out 5-3 (Groundball, 56)
Pinch Hitting: RHB Pedro Clemente 0-0: Ball
1-0: Called Strike
1-1: Foul Ball, location: 2F
1-2: Foul Ball, location: 2F
1-2: Ball
2-2: Ball
3-2: Fly out, F8 (Popup, 4MD)
Batting: LHB Nelson Martínez 0-0: Foul Ball, location: 2F
0-1: Fly out, F9 (Line Drive, 9LM)
Bottom of the 7th over - 0 run(s), 0 hit(s), 0 error(s), 0 left on base; Atlantic City 1 - Battle Ground 1
TOP OF THE 8TH
Atlantic City Sonics batting - Pitching for Battle Ground Aeros : LHP Myles Wilkerson
Now at 1B: Leroy Rijerkerk
Pinch Hitting: RHB Ralph Turner 0-0: Ball
1-0: Ball
2-0: Called Strike
2-1: Ball
3-1: Base on Balls
Batting: RHB Pedro Rivera 0-0: Foul Ball, location: 2F
0-1: Foul Ball, location: 2F
0-2: Foul Ball, location: 2F
0-2: Ball
1-2: Foul Ball, location: 2F
1-2: Grounds into double play, 6-4-3 (Groundball, 6M)
Batting: RHB John Schnatter 0-0: Ball
1-0: Ball
2-0: Ball
3-0: Base on Balls
Pitching: RHP Martin Ortíz
Batting: LHB Dale Parkinson 0-0: Foul Ball, location: 2F
0-1: Ground out U3 (Groundball, 3S)
Top of the 8th over - 0 run(s), 0 hit(s), 0 error(s), 1 left on base; Atlantic City 1 - Battle Ground 1
BOTTOM OF THE 8TH
Battle Ground Aeros batting - Pitching for Atlantic City Sonics : LHP Chris Burgess
Now at SS: Bob Ethridge
Pinch Hitting: RHB Brandon McCullough 0-0: Swinging Strike
0-1: Ball
1-1: Foul Ball, location: 2F
1-2: Strikes out swinging
Pitching: RHP Tony Newell
Pinch Hitting: RHB Carlos Ávila 0-0: Ball
1-0: Foul Ball, location: 2F
1-1: Foul Ball, location: 2F
1-2: Strikes out swinging
Batting: SHB Juan Torres 0-0: Ground out 4-3 (Groundball, 4)
Bottom of the 8th over - 0 run(s), 0 hit(s), 0 error(s), 0 left on base; Atlantic City 1 - Battle Ground 1
TOP OF THE 9TH
Atlantic City Sonics batting - Pitching for Battle Ground Aeros : RHP Martin Ortíz
Pitching: RHP César Manoel
Now at SS: Carlos Ávila
Now in RF: Jack Willis
Batting: LHB Salvador Avilés 0-0: Ball
1-0: Called Strike
1-1: Foul Ball, location: 2F
1-2: Ground out 1-3 (Groundball, 13S)
Batting: RHB Brady Bess 0-0: Ball
1-0: Ball
2-0: Ground out 6-3 (Groundball, 56)
Batting: RHB Marty Hayden 0-0: Ball
1-0: Swinging Strike
1-1: Ball
2-1: Fly out, F8 (Line Drive, 8LS)
Top of the 9th over - 0 run(s), 0 hit(s), 0 error(s), 0 left on base; Atlantic City 1 - Battle Ground 1
BOTTOM OF THE 9TH
Battle Ground Aeros batting - Pitching for Atlantic City Sonics : RHP Tony Newell
Pitching: RHP Jim Unknown
Batting: RHB José Rodríguez 0-0: Called Strike
0-1: Foul Ball, location: 2F
0-2: Ball
Single, Error in OF, E8, batter to second base
Pinch Hitting: RHB Roy McFerran 0-0: Called Strike
0-1: Swinging Strike
0-2: Ball
1-2: Ground out 4-3 (Groundball, 4M)
José Rodríguez to third
Batting: LHB Dave Smerdon 0-0: Intentional Walk
Batting: RHB Broderick Terry 0-0: Ball
1-0: Ball
2-0: 3-RUN HOME RUN (Line Drive, 78XD), Distance : 401 ft
This league is powered by Out of the Park Baseball, the baseball management simulation game for PC, Mac and Linux
Monday, October 3rd, 2016 - OOTP Baseball 16.9 Build 39